AoeStats
← Degausser

Arabia

509591362Analyzed
1v1 RM · 6d ago on Sep 27, 2026· 25m 39s· 2 players
Game mode
Random Map
Map size
Tiny (2 player)
Population
200
Speed
Normal
Resources
Standard
Victory
Conquest
Starting age
Dark Age
Ending age
Imperial Age
RankedLock teamsTeams togetherTeam positionsShared explorationLock speedFull tech treeHidden civsTurbo modeCheats
Victory
Defeat
🇮🇪 Persians · Ireland
880
+19
🇵🇱 Ethiopians · Poland
946
-57
DAMN04
6:56 Loom
9:40 Feudal Age
10:07 Man-at-Arms
11:24 Double-Bit Axe
11:53 Arson
19:27 Castle Age
18:04 Horse Collar
18:56 Padded Archer Armor
22:58 Bloodlines
23:12 Husbandry
23:04 Elite Skirmisher
24:23 Bow Saw
24:43 Scale Barding Armor
Degausser
8:02 Loom
11:15 Feudal Age
14:42 Double-Bit Axe
15:40 Horse Collar
22:36 Castle Age
21:26 Fletching
21:38 Scale Mail Armor
22:21 Forging
23:25 Crossbowman
24:55 Bow Saw
Connection lost

Rejoining the realm…

Still unreachable

The connection could not be restored.

Session expired

The server has moved on; the page needs a fresh start.